 Seeded DCSS version 0.27.1-34-g3ba077fa99 (webtiles) character file.

Game seed: 1001837481477946641 (custom seed)

3520 voltaire321 the Nimble (level 10, 0/80 HPs)
             Began as a Merfolk Gladiator on Jan 8, 2022.
             Was a Believer of Wu Jian.
             Slain by an orc warrior (2 damage)
             ... on level 7 of the Dungeon.
             The game lasted 00:25:15 (11236 turns).

voltaire321 the Nimble (Merfolk Gladiator)         Turns: 11236, Time: 00:25:16

Health: 0/80       AC: 10    Str: 15    XL:     10   Next: 8%
Magic:  10/10      EV: 19    Int:  8    God:    Wu Jian [**....]
Gold:   196        SH:  0    Dex: 24    Spells: 9/9 levels left

rFire    . . .     SeeInvis +   a - +0 long sword
rCold    + . .     Faith    .   (no shield)
rNeg     + . .     Spirit   .   v - +0 acid dragon scales
rPois    +         Reflect  .   c - +0 helmet
rElec    .         Harm     .   (no cloak)
rCorr    +         Rampage  .   p - +0 pair of gloves
Will     .....                  b - +0 pair of boots
Stlth    ++........             (no amulet)
HPRegen  0.23/turn              f - ring of Fun {rPois rC+ Dex+6 SInv}
MPRegen  0.12/turn              m - ring of positive energy

@: no status effects
A: (nimble swimmer 2), mertail
a: Renounce Religion, Wall Jump


You were on level 7 of the Dungeon.
You worshipped Wu Jian.
Wu Jian was pleased with you.
You visited 2 branches of the dungeon, and saw 9 of its levels.

You collected 196 gold pieces.

Inventory:

Hand Weapons
 a - a +0 long sword (weapon)
Missiles
 d - 3 throwing nets
 o - 14 boomerangs (quivered)
 t - 3 poisoned darts
Armour
 b - a +0 pair of boots (worn)
 c - a +0 helmet (worn)
 k - +0 steam dragon scales
 p - a +0 pair of gloves (worn)
 v - +0 acid dragon scales (worn)
Jewellery
 f - the ring of Fun (left hand) {rPois rC+ Dex+6 SInv}
   (You acquired it on level 2 of the Dungeon)

   [ring of dexterity]

   Dex:       It affects your dexterity (+6).
   rC:        It protects you from cold.
   rPois:     It protects you from poison.
   SInv:      It lets you see invisible.
 m - a ring of positive energy (right hand)
Wands
 j - a wand of iceblast (7)
Scrolls
 e - a scroll of amnesia
 i - 2 scrolls of identify
 l - 4 scrolls of acquirement
 q - 3 scrolls of noise {unknown}
 r - 2 scrolls of enchant weapon {unknown}
 u - 3 scrolls of teleportation
Potions
 g - 2 potions of lignification
 h - a potion of mutation
 n - a potion of flight
 s - a potion of curing


   Skills:
 + Level 7.7 Fighting
 + Level 8.2 Long Blades
 + Level 7.0 Throwing
 + Level 2.7 Armour
 + Level 9.7 Dodging


You had 9 spell levels left.
You didn't know any spells.
Your spell library contained the following spells:

 Spells                   Type           Power      Damage    Failure   Level
 Magic Dart               Conj           0%         1d3       52%         1
 Call Imp                 Summ           0%         N/A       65%         2
 Mephitic Cloud           Conj/Pois/Air  0%         N/A       87%         3
 Summon Guardian Golem    Hex/Summ       0%         N/A       87%         3
 Fulminant Prism          Conj/Hex       0%         3d6       99%         4
 Iskenderun's Mystic Bla  Conj/Tloc      0%         2d3       99%         4
 Leda's Liquefaction      Hex/Erth       0%         N/A       99%         4
 Bolt of Magma            Conj/Fire/Erth 0%         4d4       100%        5
 Lee's Rapid Deconstruct  Erth           0%         3d5*      100%        5
 Statue Form              Tmut/Erth      0%         N/A       100%        6
 Orb of Destruction       Conj           0%         N/A       100%        7
 Spellforged Servitor     Conj/Summ      0%         N/A       100%        7


Dungeon Overview and Level Annotations

Branches:
Dungeon (8/15)             Temple (1/1) D:5
   Lair: D:8-11

Altars:
Cheibriados
Dithmenos
Elyvilon
Fedhas
Gozag
Hepliaklqana
Kikubaaqudgha
Makhleb
Nemelex Xobeh
Okawaru
Qazlal
Ru
Sif Muna
Trog
Uskayaw
Wu Jian
Xom
Yredelemnul
Zin
The Shining One

Annotations:
D:3 3 runed translucent doors, reversiblehash's ghost, amateur MiFi


Innate Abilities, Weirdness & Mutations

((You are quick and stealthy near water. (Stealth+, EV+, Speed+++)))
Your lower body shifts to a powerful aquatic tail in water.


Message History

The orc warrior hits you with a +2 vorpal dire flail!
You barely miss the orc warrior.
The orc warrior is moderately wounded.
The orc warrior hits you with a +2 vorpal dire flail.
You slash the orc warrior!
The orc warrior is severely wounded.
The orc warrior misses you.
You slash the orc warrior!
The orc warrior is almost dead.
The orc warrior misses you.
You riposte.
You hit the orc warrior but do no damage.
The orc warrior is almost dead.
You hit the orc warrior but do no damage.
The orc warrior is almost dead.
The orc warrior hits you with a +2 vorpal dire flail.
You hit the orc warrior but do no damage.
The orc warrior is almost dead.
The orc warrior barely misses you.
You closely miss the orc warrior.
The orc warrior is almost dead.
The orc warrior hits you with a +2 vorpal dire flail!
* * * LOW HITPOINT WARNING * * *
x2 You hit the orc warrior but do no damage.
The orc warrior is almost dead.
The orc warrior completely misses you.
You riposte.
You barely miss the orc warrior.
The orc warrior is almost dead.
You closely miss the orc warrior.
The orc warrior is almost dead.
The orc warrior hits you but does no damage.
You hit the orc warrior but do no damage.
The orc warrior is almost dead.
The orc warrior barely misses you.
You riposte.
You hit the orc warrior but do no damage.
The orc warrior is severely wounded.
You hit the orc warrior but do no damage.
The orc warrior is severely wounded.
The orc warrior hits you with a +2 vorpal dire flail!!
* * * LOW HITPOINT WARNING * * *
You die...

###.##.......[.
###..[.......
#.<##.#.....
##...........
#.[##........
#####..###......♣
##.##.[.##........
#.o#.......(..#..≈
#@........#.......
#................♣
##..............♣.
######.................
##...####..#............
#......#...#............
##....##....##...........
#................##..##..
##..............####.#...


You could see an orc warrior.

Vanquished Creatures
  Maggie (D:6)
  Grinder (D:3)
  Sigmund (D:4)
  A wyvern (D:6)
  A water moccasin (D:5)
  An acid dragon (D:8)
  3 orc warriors
  An ice beast (D:7)
  A black bear (D:6)
  A sky beast (D:5)
  A necrophage (D:6)
  2 ogres
  3 centaurs
  A rime drake zombie (D:8)
  A phantom (D:4)
  A kobold brigand (D:8)
  A gnoll sergeant (D:7)
  2 scorpions
  A water moccasin zombie (D:7)
  2 wyvern skeletons
  A water moccasin skeleton (D:7)
  3 wights (D:7)
  A centaur zombie (D:7)
  A jelly (D:3)
  3 orc priests
  A hound (D:6)
  2 centaur skeletons (D:7)
  An iguana (D:5)
  6 orc wizards
  A hound skeleton (D:4)
  Robin (D:3)
  11 gnolls
  2 howler monkey skeletons
  A howler monkey zombie (D:7)
  5 adders
  2 white imps (D:6)
  3 ufetubi
  An adder skeleton (D:4)
  3 worms
  2 dart slugs
  24 orcs
  4 bats
  6 endoplasms
  4 giant cockroaches
  15 goblins
  12 hobgoblins
  4 jackals (D:1)
  A quokka (D:2)
  6 ball pythons
  3 frilled lizards
  9 kobolds
  5 rats
171 creatures vanquished.

Vanquished Creatures (others)
  2 plants
2 creatures vanquished.

Grand Total: 173 creatures vanquished

Notes
Turn   | Place    | Note
-------+----------+-------------------------------------------
     0 | D:1      | voltaire321 the Merfolk Gladiator began the quest for the
                  | Orb.
     0 | D:1      | Reached XP level 1. HP: 16/16 MP: 1/1
   279 | D:1      | Found a faded altar of an unknown god.
   345 | D:1      | Reached XP level 2. HP: 23/23 MP: 2/2
   618 | D:1      | Reached XP level 3. HP: 24/28 MP: 3/3
  1092 | D:2      | Identified a scroll of acquirement
  1092 | D:2      | Acquired the ring of Fun {rPois rC+ Dex+6 SInv}
  1669 | D:2      | Found a hide-covered altar of Uskayaw.
  1686 | D:2      | Reached XP level 4. HP: 14/34 MP: 4/4
  2667 | D:3      | Noticed reversiblehash's ghost (amateur MiFi)
  2668 | D:3      | Found a runed translucent gate.
  2668 | D:3      | Found a runed translucent gate.
  2668 | D:3      | Found a runed translucent gate.
  2715 | D:3      | Noticed Robin
  2727 | D:3      | Killed Robin
  2728 | D:3      | Reached skill level 5 in Dodging
  2930 | D:3      | Reached XP level 5. HP: 32/41 MP: 5/5
  3068 | D:3      | Noticed Grinder
  3079 | D:3      | Paralysed by Grinder for 5 turns
  3098 | D:4      | Noticed an ogre
  3115 | D:3      | Killed Grinder
  3116 | D:3      | Reached XP level 6. HP: 33/48 MP: 6/6
  3541 | D:3      | Found an ornate altar of the Wu Jian Council.
  3998 | D:3      | Reached skill level 5 in Long Blades
  4169 | D:4      | Reached skill level 6 in Dodging
  4169 | D:4      | Reached XP level 7. HP: 54/54 MP: 7/7
  4329 | D:3      | Became a worshipper of the Wu Jian Council
  4636 | D:4      | Noticed Sigmund
  4645 | D:4      | Killed Sigmund
  4845 | D:5      | Entered Level 5 of the Dungeon
  4863 | D:5      | Reached skill level 5 in Fighting
  4923 | D:5      | Reached XP level 8. HP: 59/62 MP: 8/8
  4930 | D:5      | Reached skill level 7 in Dodging
  5114 | D:5      | Found an iron altar of Okawaru.
  5114 | D:5      | Found a basalt altar of Yredelemnul.
  5312 | D:5      | Found a staircase to the Ecumenical Temple.
  5319 | Temple   | Entered the Ecumenical Temple
  6321 | D:5      | Found a blossoming altar of Fedhas.
  6634 | D:5      | Reached skill level 5 in Throwing
  6783 | D:5      | Found a shimmering altar of Xom.
  6784 | D:5      | Found a shimmering blue altar of Sif Muna.
  6869 | D:5      | Reached * piety under Wu Jian
  7307 | D:6      | Noticed Maggie
  7335 | D:6      | Killed Maggie
  7336 | D:6      | Reached skill level 8 in Dodging
  7347 | D:6      | HP: 3/96 [wyvern skeleton (11)]
  7802 | D:6      | Reached XP level 9. HP: 71/71 MP: 9/9
  8057 | D:6      | Found an opulent altar of Gozag.
  8201 | D:6      | Reached skill level 1 in Armour
  9261 | D:6      | Reached skill level 9 in Dodging
  9958 | D:7      | Reached ** piety under Wu Jian
 10066 | D:7      | You fall into a shaft and drop 1 floor!
 10089 | D:8      | Found a glowing golden altar of the Shining One.
 10536 | D:7      | Reached XP level 10. HP: 62/79 MP: 10/10
 11236 | D:7      | HP: 2/80 [orc warrior (19)]
 11236 | D:7      | Slain by an orc warrior

Illustrated notes

Levels and vault maps discovered:
D:1:      wander_arrival_fairy_ring, layout_rooms,
          ebering_ecumenical_altar_abandoned
D:2:      layout_basic, basic_altar, minmay_misc_feat_columns
D:3:      layout_loops_ring, nzn_wu_jian_council_hall, gammafunk_ghost_split,
          uniq_grinder, uniq_robin
D:4:      layout_cave_pools, minmay_door_square, uniq_sigmund
D:5:      layout_layer_cave, nicolae_overflow_hidden_temple, lemuel_round_altar,
          minmay_temple_entry_butterflies, st_stairs_10
D:6:      layout_basic, mainiacjoe_overflow_concentric_impassable, uniq_maggie
D:7:      layout_cave_pools, serial_park, serial_park_square3
          [serial_park_minivault_5x5_2], serial_park_tiny_pond,
          serial_park_tiny_1, serial_park_square2, serial_park_square1
          [serial_park_minivault_5x5_5]
D:8:      layout_basic, mainiacjoe_overflow_paths, david_lair_generic,
          corexii_checkpoint_a, minmay_nine_imps
Temple:   minmay_temple_forest_path

Skill      XL: |  1  2  3  4  5  6  7  8  9 10 |
---------------+-------------------------------+-----
Long Blades    | 4 5 7 8 |  8.2
Fighting       | 3 4 5 6 7 |  7.7
Dodging        | 5 6 8 9 |  9.7
Throwing       | 3 4 5 6 7 |  7.0
Armour         | 2 |  2.7

Action                   |  1- 3 |  4- 6 |  7- 9 | 10-12 || total
-------------------------+-------+-------+-------+-------++-------
Melee: Long sword        |    98 |   118 |   349 |    58 ||   623
Throw: Boomerang         |       |       |    79 |     4 ||    83
Invok: Lunge             |       |       |    12 |     2 ||    14
       Whirlwind         |       |       |     1 |       ||     1
  Use: Scroll            |     3 |     3 |     5 |       ||    11
       Potion            |       |       |     3 |       ||     3
 Stab: Sleeping          |     1 |     5 |       |     1 ||     7
Armor: Leather armour    |    29 |     7 |       |       ||    36
       Animal skin       |       |     9 |    42 |       ||    51
       Skin              |       |       |     4 |       ||     4
       Steam dragon scal |       |       |    43 |     5 ||    48
       Acid dragon scale |       |       |       |     4 ||     4
Dodge: Dodged            |    89 |    98 |   311 |    45 ||   543
       Rpst.: Long sword |    27 |    33 |    75 |    13 ||   148
